 Dungeon Crawl Stone Soup version 0.31-a0-455-g1a7b003ef0 (webtiles) character file.

Game seed: 17433967480582711654

15 senseless the Changeling (level 2, -1/18 HPs)
             Began as an Octopode Shapeshifter on Aug 3, 2023.
             Slain by a frilled lizard (3 damage)
             ... on level 1 of the Dungeon.
             The game lasted 00:00:39 (406 turns).

senseless the Changeling (Octopode Shapeshifter)     Turns: 406, Time: 00:00:40

Health: -1/18      AC:  1    Str: 14    XL:     2   Next: 50%
Magic:  2/2        EV: 13    Int: 10    God:
Gold:   24         SH:  0    Dex: 12    Spells: 1/1 levels left

rFire   . . .        c - +1 short sword (vamp)
rCold   . . .        (no shield)
rNeg    . . .        (helmet currently unavailable)
rPois   .            (no amulet)
rElec   .            (no ring)
rCorr   .            (no ring)
SInv    .            (no ring)
Will    .....        (no ring)
Stlth   ++           (no ring)
HPRegen 0.23/turn    (no ring)
MPRegen 0.08/turn    (no ring)
                     (no ring)

%: no passive effects
@: beast-form
A: beast (slay +2), almost no armour, amphibious, 8 rings, camouflage 1,
gelatinous body 1, (nimble swimmer 1), tentacles
a: Begin Untransformation


You were on level 1 of the Dungeon.
You were a hulking beast.
You visited 1 branch of the dungeon, and saw 1 of its levels.

You collected 24 gold pieces.

Inventory:

Hand Weapons
 c - a +1 vampiric short sword (weapon)
Talismans
 b - a beast talisman (active)
Scrolls
 d - a scroll of amnesia {unknown}
Potions
 a - a potion of lignification


   Skills:
 + Level 1.3 Fighting
 + Level 2.2 Dodging
 + Level 0.8 Stealth
 + Level 3.1 Unarmed Combat
 * Level 3.2 Shapeshifting


You had one spell level left.
You didn't know any spells.
Your spell library was empty.

Dungeon Overview and Level Annotations

Branches:
Dungeon (1/15)

Altars:


Innate Abilities, Weirdness & Mutations

You are a hulking beast.
Your limbs bulge with bestial killing power. (Slay +2)
You cannot wear most types of armour.
You are amphibious.
You can wear up to eight rings at the same time.
Your skin changes colour to match your surroundings (Stealth+).
Your rubbery body absorbs attacks. (AC +1, EV +1)
((You are camouflaged when in or above water. (Stealth+)))
You have tentacles for arms and can constrict up to eight enemies at once.


Message History

You hit the hobgoblin.
You feel better.
Your grab misses the hobgoblin. Your squeeze misses the hobgoblin.
The hobgoblin is heavily wounded.
The ball python bites you. The ball python completely misses you.
The frilled lizard completely misses you.
The hobgoblin closely misses you.
The kobold hits you with a +1 short sword of speed.
You hit the kobold.
You feel better.
You kill the kobold!
The ball python barely misses you. The ball python grabs you.
The ball python constricts you. The ball python barely misses you.
The hobgoblin barely misses you. The frilled lizard closely misses you.
The ball python bites you but does no damage.
The ball python constricts you.
You barely miss the hobgoblin. You grab the hobgoblin.
The hobgoblin is heavily wounded.
You constrict the hobgoblin. The ball python completely misses you.
The hobgoblin hits you. The frilled lizard closely misses you.
The ball python bites you. The ball python constricts you.
The ball python bites you.
You hit the ball python. You grab the ball python.
The ball python is severely wounded.
You constrict the hobgoblin.
You kill the hobgoblin!
You constrict the ball python.
You kill the ball python!
The frilled lizard bites you.
* * * LOW HITPOINT WARNING * * *
The ball python barely misses you. The ball python constricts you.
You barely miss the ball python. Your grab misses the ball python.
The frilled lizard bites you.
* * * LOW HITPOINT WARNING * * *
The ball python bites you.
* * * LOW HITPOINT WARNING * * *
The ball python constricts you.
* * * LOW HITPOINT WARNING * * *
You hit the ball python.
You kill the ball python!
The frilled lizard bites you.
You die...

...#
.....................(
...#
.............#..........
...#
.............#.)........
...#
.............#..........
...#
.............#..........
...#
.............#..........
####
.............####...####
....$..l.....##........#
.......h.....##........#
..$...).......'........#
.............##........#
.............####...####
.............# ....#
########.....# ....#
####### ...# ..# .#


You could see a frilled lizard.

Vanquished Creatures
  A bat (D:1)
  2 giant cockroaches (D:1)
  2 goblins (D:1)
  4 hobgoblins (D:1)
  2 ball pythons (D:1)
  2 kobolds (D:1)
  A rat (D:1)
14 creatures vanquished.

Notes
Turn   | Place    | Note
-------+----------+-------------------------------------------
     0 | D:1      | senseless the Octopode Shapeshifter began the quest for the
                  | Orb.
     0 | D:1      | Reached XP level 1. HP: 13/13 MP: 1/1
   248 | D:1      | Reached XP level 2. HP: 18/18 MP: 2/2
   406 | D:1      | Slain by a frilled lizard

Illustrated notes

Levels and vault maps discovered:
D:1:      sevenhm_arrival_forest_fort_small_6, layout_basic

Action                     || total
---------------------------++-------
  Melee: Unarmed           ||    15
         Constrict         ||     8
         Tentacles         ||     3
         Short sword       ||    10
         Punch             ||     1
   Stab: Sleeping          ||     1
 Armour: Skin              ||     2
  Dodge: Dodged            ||    15

Table legend: (Time is in decaauts)
 A = Elapsed time spent in this place.
 B = Non-inter-level travel time spent in this place.
 C = Inter-level travel time spent in this place.
 D = Time resting spent in this place.
 E = Time spent auto-exploring this place.
 F = Levels seen in this place.
 G = Mean time per level.
                   A        B        C        D        E       F      G
               +--------+--------+--------+--------+--------+-----+--------+
         Total |    404 |    404 |      0 |      0 |    334 |   1 |  404.0 |
       Dungeon |    404 |    404 |      0 |      0 |    334 |   1 |  404.0 |
               +--------+--------+--------+--------+--------+-----+--------+

Top non-repeatable levels by time:
     D:1: 404 daAuts
